 Dungeon Crawl Stone Soup version 0.02-207-g49f19f9342 (webtiles) character file.

Game seed: 18280987172412664958, levelgen mode: deterministic

185 loralnil the Ruffian (level 5, -6/33 HPs) Lignifite Transmuter. Began on Nov 19, 2020. Mangled by a sewer rat (7 damage) ... on level 2 of the Dungeon. The game lasted 00:04:16 (415 turns).

loralnil the Ruffian (Lignifite Transmuter)          Turns: 415, Time: 00:04:16

Health: -6/33      AC:  2    Str: 15    XL:     5 ^: 115
Magic:  3/10       EV: 16    Int: 15    God:
Gold:   10         SH:  2    Dex:  9    Spells: 3/10 levels left

rFire    x . .     Vision   .     - Unarmed
rCold    . . .     Gourm    .     - Unarmed
rNeg     . . .     Faith    .   a - +0 robe
rPois    +         Spirit   .   (helmet restricted)
rElec    .         Reflect  .   f - +0 cloak
rCorr    .         Harm     .   (gloves unavailable)
MR       .....                  (boots unavailable)
Stlth    +.........             (no amulet)
HPRegen  0.21/turn              (no ring)
MPRegen  0.20/turn              (no ring)

@: very slightly contaminated, quick
A: very small, rF-, deformed body, speed 1, poison resistance, slow metabolism
1, torment resistance, plant, rot immunity
a: no special abilities


You were on level 2 of the Dungeon.
You were not hungry.

You visited 1 branch of the dungeon, and saw 2 of its levels.

You collected 10 gold pieces.

Inventory:

Armour
 a - a +0 robe (worn)
 f - a +0 cloak (worn)
Scrolls
 h - a scroll of teleportation
Potions
 b - a potion of brilliance
 d - a potion of berserk rage
 e - a potion of might
 g - a potion of curing
Comestibles
 c - 3 rations


   Skills:
 + Level 1.1 Fighting
 + Level 2.0 Dodging
 + Level 4.9 Unarmed Combat
 + Level 3.0 Spellcasting
 + Level 2.1 Transmutations
 * Level 1.6 Poison Magic


You had 3 spell levels left.
You knew the following spells:

 Your Spells              Type           Power        Failure   Level  Hunger
a - Beastly Appendage     Tmut           8 (50)       9%          1    #......
b - Scorpion Form         Tmut/Pois      8 (200)      26%         3    ###....
c - Sticks to Snakes      Tmut           8 (100)      12%         2    ##.....
d - Snakes to Sticks      Hex/Tmut       5 (100)      36%         3    ###....

Your spell library contained the following spells:

 Spells                   Type           Power        Failure   Level  Hunger
 Ice Form                 Ice/Tmut       5 (100)      77%         4    #####..
 Blade Hands              Tmut           8 (200)      92%         5    ######.


Dungeon Overview and Level Annotations

Branches:
Dungeon (2/8)

Altars:


Innate Abilities, Weirdness & Mutations

Your woody flesh burns easily. (rF-)
A tangle of shorter branches protects your body from attack. (+2 SH)
You are very small and have problems with some larger weapons.
You are too small for most types of armour.
Armour fits poorly on your strangely shaped body.
You cover ground quickly.
Your system is resistant to poisons. (rPois)
You have a slow metabolism.
You are immune to unholy pain and torment.
You require very little carbon dioxide to survive.
You are immune to rotting.


Message History

You closely miss the sewer rat.
You sting the sewer rat but do no damage.
The sewer rat looks as sick as possible!
The sewer rat is moderately wounded. (7/11) HP The sewer rat barely misses you (0).
You closely miss the sewer rat. x2; You miss the sewer rat.
You sting the sewer rat but do no damage.
The sewer rat is heavily wounded. (6/11) HP The sewer rat barely misses you (0).
You miss the sewer rat.
You pinch the sewer rat but do no damage.
You hit the sewer rat but do no damage.
You sting the sewer rat but do no damage.
The sewer rat is heavily wounded. (6/11) HP The sewer rat bites you (5).
* * * LOW HITPOINT WARNING * * *
Your transformation has ended.
Your +0 cloak unmelds from your body.
Your +0 robe unmelds from your body.
The sewer rat bites you (7)!
You die...

≈≈≈≈≈≈≈≈.
.≈≈≈≈≈≈≈. ###
≈≈≈≈≈≈≈≈.
##.###P≈≈≈≈≈≈.
##rrr##...≈≈≈≈.
#$@#≈≈#≈§....≈.
###..##r#§;≈≈≈...
#≈..###r††≈≈≈≈≈≈.
#.≈≈# ##rr.≈≈≈≈..
+≈### ##.P≈≈≈≈≈≈
## ≈≈≈≈≈≈≈≈≈
#PP≈≈≈≈≈P
P≈≈≈≈≈≈≈ P≈≈≈≈≈.


You could see 3 sewer rats.

Vanquished Creatures
  A big kobold (D:2)
  2 giant cockroaches (D:1)
  6 sewer rats (D:2)
  A cinder newt (D:2)
  A dart slug (D:1)
  5 leopard geckos
  A goblin (D:1)
  3 hobgoblins (D:1)
  A ball python (D:2)
  2 bats (D:1)
  5 kobolds
  2 rats (D:1)
30 creatures vanquished.

Vanquished Creatures (others)
  22 withered plants (D:2)
22 creatures vanquished.

Grand Total: 52 creatures vanquished

Notes
Turn   | Place    | Note
-------+----------+-------------------------------------------
     0 | D:1      | loralnil the Lignifite Transmuter began the quest for the
                  | Orb.
     0 | D:1      | Reached XP level 1. HP: 12/12 MP: 4/4
    39 | D:1      | Reached XP level 2. HP: 16/18 MP: 3/6
    56 | D:1      | Reached XP level 3. HP: 18/23 MP: 4/7
   212 | D:1      | Reached skill level 4 in Unarmed Combat
   240 | D:1      | Learned a level 3 spell: Scorpion Form
   243 | D:1      | Learned a level 2 spell: Sticks to Snakes
   247 | D:1      | Learned a level 3 spell: Snakes to Sticks
   312 | D:2      | Noticed a big kobold
   323 | D:2      | Killed a big kobold
   323 | D:2      | Reached skill level 1 in Poison Magic
   323 | D:2      | Reached XP level 4. HP: 28/28 MP: 5/9
   368 | D:2      | Reached XP level 5. HP: 33/33 MP: 7/10
   414 | D:2      | HP: 1/33 [sewer rat (5)]
   415 | D:2      | Mangled by a sewer rat

Levels and vault maps discovered:
D:1:      dpeg_arrival_chase, layout_loops_ring, portal_sewer_entry_f
D:2:      layout_sewer, nicolae_ru_awakened_eye, serial_shops,
          nicolae_shop_stone, kennysheep_little_box,
          nicolae_shop_temple_entry_statues_fountains, shop, uniq_jessica,
          uniq_purgy

Skill      XL: |  1  2  3 |
---------------+----------+-----
Unarmed Combat | 4 |  4.9
Dodging        | 2 |  2.0
Spellcasting   | 3 |  3.0
Transmutations | 2 |  2.1
Poison Magic   | 1 |  1.6
Fighting       | |  1.1

Action                   |  1- 3 |  4- 6 || total
-------------------------+-------+-------++-------
Melee: Unarmed           |   120 |   195 ||   315
       Headbutt          |     4 |     1 ||     5
 Cast: Beastly Appendage |    11 |     2 ||    13
       Scorpion Form     |     1 |     2 ||     3
Armor: Robe              |     2 |     1 ||     3
Dodge: Dodged            |    26 |    43 ||    69
Block: Other             |     3 |       ||     3
